 Dungeon Crawl Stone Soup version 0.18-a0-1-gfac8111 (console) character file.

193 Kellhus the Conjurer (level 5, -2/35 HPs)
             Began as a Vampire Wizard on Oct 30, 2015.
             Slain by an ice beast (11 damage)
             ... on level 2 of the Dungeon.
             The game lasted 00:06:20 (2827 turns).

Kellhus the Conjurer (Vampire Wizard)               Turns: 2827, Time: 00:06:20

Health: -2/35      AC:  3    Str:  6    XL:     5   Next: 43%
Magic:  6/9        EV: 12    Int: 22    God:
Gold:   151        SH:  0    Dex: 12    Spells: 3 memorised, 3 levels left

rFire  . . .     SeeInvis +     a - +3 dagger (venom)
rCold  . . .     Clarity  .     m - +0 robe
rNeg   . . .     SustAt   +     (no shield)
rPois  .         Gourm    .     b - +0 hat
rElec  .         Spirit   .     (no cloak)
rCorr  .         Warding  .     h - +0 pair of gloves
rMut   .         Stasis   .     (no boots)
MR     .....                    n - amulet of rage
Stlth  ++........               (no ring)
                                t - ring of sustain attributes

@: very slightly contaminated, regenerating quickly, not resistant to hostile
enchantments, unstealthy
A: fangs 3, see invisible, unbreathing
a: Evoke Berserk Rage


You were on level 2 of the Dungeon.
You were very full.

You visited 1 branch of the dungeon, and saw 3 of its levels.

You collected 151 gold pieces.

Inventory:

Hand Weapons
 a - a +3 dagger of venom (weapon)
Armour
 b - a +0 hat (worn)
 h - a +0 pair of gloves (worn)
 m - a +0 robe (worn)
Jewellery
 n - an amulet of rage (around neck)
 t - a ring of sustain attributes (left hand)
Scrolls
 e - a scroll of fear {unknown}
 g - 4 scrolls of remove curse {unknown}
 k - 2 scrolls of blinking {unknown}
 l - a scroll of enchant armour {unknown}
 o - a scroll of identify {unknown}
 p - 3 scrolls of teleportation {unknown}
 s - a scroll of recharging {unknown}
Potions
 d - 6 potions of blood
 q - a potion of might {unknown}
 r - a potion of magic {unknown}
Books
 c - a book of Minor Magic

   Spells                             Type                      Level
   a - Magic Dart                     Conjuration                  1
   b - Blink                          Translocation                2
   c - Call Imp                       Summoning                    2
   d - Repel Missiles                 Charms/Air                   2
   e - Slow                           Hexes                        2
   f - Conjure Flame                  Conjuration/Fire             3
   g - Mephitic Cloud                 Conjuration/Poison/Air       3


   Skills:
 - Level 2.1 Dodging
 - Level 3.0 Stealth
 - Level 3.0 Spellcasting
 + Level 4.0 Conjurations
   Level 1.0 Summonings
   Level 0.7 Translocations


You had 3 spell levels left.
You knew the following spells:

 Your Spells              Type           Power        Failure   Level  Hunger
a - Magic Dart            Conj           ###.         2%          1    None
b - Conjure Flame         Conj/Fire      ##......     17%         3    ###....
c - Mephitic Cloud        Conj/Pois/Air  #.......     21%         3    ###....


Dungeon Overview and Level Annotations

Branches:
Dungeon (3/15)

Altars:


Innate Abilities, Weirdness & Mutations

Your natural rate of healing is unusually fast.
You have razor-sharp teeth.
You have supernaturally acute eyesight.
You can survive without breathing.


Message History

The ice beast is lightly wounded.
The ice beast hits you. The ice beast freezes you! The ice beast hits you.
The ice beast freezes you!
The ice beast looks more healthy.
Press: ? - help, v - describe, . - travel
Here: an ice beast (moderately wounded)
The floor.
The ice beast hits you. The ice beast freezes you!
* * * LOW HITPOINT WARNING * * *
Casting: Conjure Flame
Confirm with . or Enter, or press ? or * to list all spells.
Aiming: Conjure Flame
Press: ? - help, Dir - move target cursor You miscast Conjure Flame.
You are very lightly contaminated with residual magic.
Nothing appears to happen.
The ice beast hits you.
* * * LOW HITPOINT WARNING * * *
The ice beast freezes you!
You die...

#............#
#########.##.# #.##.#
#####.##.# #### #........#
#... #.##.##### #.## #.##.#
###############.## #.##.#
#.Y..........##Y.. #.##.#
##@#########.<.#.##
#.##.#####...#######......#
#.##..[....#.......<......#
##
#.########...#######......##
.# #.# ##.## ##....#.# .#
##.#########.## ##..###. .#
#...........[.# ###.#.# .#
#.###########>###### ##.##
.# #.# #.)....#######/#


You could see an ice beast.

Vanquished Creatures
  Ijyb (D:2)
  A hound (D:3)
  An orc wizard (D:2)
  6 adders (D:2)
  An ooze (D:1)
  8 orcs
  A ball python (D:1)
  A giant cockroach (D:3)
  8 goblins
  3 hobgoblins
  6 jackals
  10 bats
  3 kobolds
  3 rats
53 creatures vanquished.

Notes
Turn   | Place    | Note
--------------------------------------------------------------
     0 | D:1      | Kellhus the Vampire Wizard began the quest for the Orb.
     0 | D:1      | Reached XP level 1. HP: 13/13 MP: 4/4
    83 | D:1      | Reached skill level 1 in Conjurations
   168 | D:1      | Reached XP level 2. HP: 16/19 MP: 1/6
   954 | D:2      | Reached XP level 3. HP: 18/24 MP: 3/7
  1506 | D:2      | Noticed Ijyb
  1558 | D:2      | Killed Ijyb
  1558 | D:2      | Reached XP level 4. HP: 30/30 MP: 2/8
  2042 | D:3      | Noticed an ice beast
  2080 | D:2      | Learned a level 3 spell: Conjure Flame
  2084 | D:2      | Learned a level 3 spell: Mephitic Cloud
  2131 | D:2      | Reached XP level 5. HP: 11/35 MP: 7/9
  2584 | D:3      | Reached skill level 4 in Conjurations
  2644 | D:3      | Noticed an ice beast
  2827 | D:2      | Slain by an ice beast

Vault maps used:
D:1:      zaba_arrival_water
D:2:      minmay_ruptured, uniq_iyjb
D:3:      kennysheep_goblin_castle

Action                   |  1- 3 |  4- 6 || total
-------------------------+-------+-------++-------
Melee: Unarmed           |    28 |       ||    28
       Dagger            |       |    45 ||    45
 Cast: Magic Dart        |    73 |    23 ||    96
       Conjure Flame     |       |     1 ||     1
  Use: Potion            |    15 |     9 ||    24
 Stab: Sleeping          |       |     1 ||     1
